 Dungeon Sprint DCSS version 0.23.1 (webtiles) character file.

Game seed: 17437948386023622529

12629 nuthulu the Warrior (level 11, -4/116 HPs)
             Began as a Hill Orc Fighter on Mar 13, 2019.
             Was the Champion of Yredelemnul.
             Killed from afar by a crystal guardian (41 damage)
             ... with a crystal bolt
             ... in the Dungeon (Sprint V: "Ziggurat Sprint").
             The game lasted 00:06:29 (933 turns).

nuthulu the Warrior (Hill Orc Fighter)               Turns: 933, Time: 00:06:30

Health: -4/116     AC: 37    Str: 32    XL:     11   Next: 96%
Magic:  13/13      EV:  5    Int: 11    God:    Yredelemnul [******]
Gold:   0          SH: 33    Dex: 15    Spells: 10/10 levels left

rFire    + . .     SeeInvis .   F - +9 sword of Zonguldrok {reap}
rCold    . . .     Gourm    .   H - +18 shield of the Gong {rElec rN+ MR+ EV-5}
rNeg     + . .     Faith    .   G - +15 Maxwell's patent armour {-Cast -Tele rElec MR+ rCorr}
rPois    .         Spirit   .   b - +0 helmet "Zunor" {+Blink MR+++ rCorr Dex-2}
rElec    +         Reflect  .   (no cloak)
rCorr    +         Harm     .   (no gloves)
MR       +++++     NoTele   +   K - +2 pair of boots of the Lich-sworn {Dex+4} Stlth ..........NoCast +
                                L - amulet of Paguid {RegenMP rF+ Int+3 Stlth+}
HPRegen  0.29/turn              D - +6 ring of strength
MPRegen  0.38/turn              E - +6 ring of strength

@: wreathed by umbra, studying Hexes
A: no striking features
a: Recall Undead Slaves, Injury Mirror, Animate Dead, Drain Life, Enslave Soul,
Renounce Religion, Evoke Blink


You were in the Dungeon.
You worshipped Yredelemnul.
Yredelemnul was exalted by your worship.
You were not hungry.

You visited 1 branch

Inventory:

Hand Weapons
 F - the +9 sword of Zonguldrok (weapon) {reap}
   (You found it in the Dungeon)

   If a monster killed with it leaves a corpse in good enough shape, the corpse
   will be animated as a zombie friendly to the killer.
Armour
 b - the +0 helmet "Zunor" (worn) {+Blink MR+++ rCorr Dex-2}
   (You found it in the Dungeon)

   It affects your dexterity (-2).
   It affects your resistance to hostile enchantments.
   It lets you blink.
   It provides partial protection from all sources of acid and corrosion.
 G - the +15 Maxwell's patent armour (worn) {-Cast -Tele rElec MR+ rCorr}
   (You found it in the Dungeon)

   It insulates you from electricity.
   It affects your resistance to hostile enchantments.
   It prevents spellcasting.
   It prevents most forms of teleportation.
   It provides partial protection from all sources of acid and corrosion.
 H - the +18 shield of the Gong (worn) {rElec rN+ MR+ EV-5}
   (You found it in the Dungeon)

   It affects your evasion (-5).
   It insulates you from electricity.
   It protects you from negative energy.
   It affects your resistance to hostile enchantments.
 K - the +2 pair of boots of the Lich-sworn (worn) {Dex+4}
   (You found it in the Dungeon)

   It affects your dexterity (+4).
Jewellery
 a - a +4 ring of strength
 o - an uncursed amulet of the acrobat
 z - a +6 ring of dexterity
 A - a +6 ring of dexterity
 B - a +6 ring of intelligence
 C - a +6 ring of intelligence
 D - a +6 ring of strength (left hand)
 E - a +6 ring of strength (right hand)
 J - the ring of Fragile Peace {Ice *Corrode Int+2 Dex+3}
   (You found it in the Dungeon)

   [ring of ice]

   It enhances your ice magic.
   It affects your intelligence (+2).
   It affects your dexterity (+3).
   It makes you vulnerable to fire.
   It protects you from cold.
   It may corrode you when you take damage.
 L - the amulet of Paguid (around neck) {RegenMP rF+ Int+3 Stlth+}
   (You found it in the Dungeon)

   [amulet of magic regeneration]

   It increases your magic regeneration.
   It affects your intelligence (+3).
   It protects you from fire.
   It makes you more stealthy.
Wands
 w - a wand of disintegration (7)
 x - a wand of iceblast (7)
 y - a wand of acid (7)
Scrolls
 k - 4 scrolls of blinking
 q - 4 scrolls of amnesia
 r - 7 scrolls of fog
 s - 2 scrolls of holy word
 t - 5 scrolls of identify
 u - 5 scrolls of remove curse
 v - 2 scrolls of fear
 I - a scroll of brand weapon
Potions
 d - 6 potions of might
 e - 9 potions of curing
 g - 9 potions of heal wounds
 h - 10 potions of haste
 i - 7 potions of magic
 j - 3 potions of berserk rage
 l - 2 potions of brilliance
 m - 2 potions of invisibility
 n - 4 potions of resistance
 p - 5 potions of agility
Books
 c - a manual of Hexes
Comestibles
 f - 7 rations


   Skills:
 * Level 16.8 Fighting
 - Level 16.4 Long Blades
 + Level 15.3 Armour
 + Level 2.3 Dodging
 - Level 15.0 Shields
 + Level 3.8 Invocations


You had 10 spell levels left.
You didn't know any spells.
Your spell library was empty.

Dungeon Overview and Level Annotations

Branches:
Dungeon (1/1)

Altars:
Ashenzari
Cheibriados
Dithmenos
Elyvilon
Fedhas
Gozag
Hepliaklqana
Kikubaaqudgha
Makhleb
Nemelex Xobeh
Okawaru
Qazlal
Ru
Sif Muna
Trog
Uskayaw
Vehumet
Wu Jian
Xom
Yredelemnul
Zin
The Shining One
Beogh
Jiyva
Lugonu

Annotations:
D 1 transporter


Message History

Your skeletal warrior hits the iron golem with a +0 trident!
The earth elemental closely misses your flayed ghost.
The iron golem completely misses your skeletal warrior.
Your flayed ghost completely misses the iron golem.
You block the iron golem's attack.
GONNNNG!
Your phantasmal warrior blinks!
Unknown command.
Your profane servitor hits the iron golem with a +3 whip!!
Your profane servitor hits the iron golem with a +3 whip.
Your vampire knight blinks!
The crystal guardian fires a crystalline bolt at you.
The crystal bolt freezes the crystal guardian.
The crystal guardian completely resists.
The crystal bolt freezes the iron golem.
The iron golem completely resists.
The crystal bolt misses your flying skull.
The crystal bolt freezes you!!!
You die...
Your body rises from the dead as a mindless zombie.

▓▓▓▓▓▓▓▓▓▓▓▓▓▓▓▓▓▓▓▓▓▓▓▓▓
▓...W8§8....▓▓.8©8.▓.8©8.
▓..|W=)}):..▓▓.}:).▓.}.}.
▓..})}[})[..▓▓..[..▓.....
▓....88E....▓▓.....▓.....
▓...8D88.V..▓▓.))..▓.....
▓..8888E8E..▓▓.....▓.....
▓...WAzzWz..▓▓..©..▓..©..
▓..▓§z.D@▓..▓▓▓▓▓▓▓▓▓▓▓▓▓
▓ ▓▓VWW▓▓ ▓..8©8...▓..8
▓..▓nV...▓..▓..})|...▓..[
▓.....©.....▓..."....▓..)
▓▓▓▓▓▓▓▓▓▓▓▓▓........▓...
▓....8©8.V..▓........▓...
▓...[.[:).D.▓........▓.▓†
▓...:)|}|.Z.▓...©....▓...
▓...))))....▓▓▓▓▓▓▓▓▓▓▓▓▓


You could see 5 iron golems, a quicksilver dragon, 5 crystal guardians, 3 earth
elementals, a friendly bone dragon, a friendly profane servitor, a friendly
ghoul, 2 friendly vampire knights, 2 friendly skeletal warriors, 3 friendly
flayed ghosts, 2 friendly phantasmal warriors, a friendly vampire (invisible), a
friendly wraith and 2 friendly flying skulls.

Vanquished Creatures
  A deep elf sorcerer (D)
  A deep elf mage (D)
  2 flying skulls (D)
  An ushabti (D)
  2 spriggans (D)
  2 wyverns (D)
  A steam dragon (D)
  A naga (D)
  A water moccasin (D)
  A black bear (D)
  2 orc warriors (D)
  A phantom (D)
  2 necrophages (D)
  3 wolves (D)
  A bullfrog (D)
  A wight (D)
  A mummy (D)
  An adder (D)
  2 adder zombies (D)
  An adder skeleton (D)
  A bat skeleton (D)
  A bat zombie (D)
  2 jackal zombies (D)
32 creatures vanquished.

Vanquished Creatures (collateral kills)
  3 deep elf master archers (D)
  A ghoul (D)
  3 mummy priests (D)
  A deep elf high priest (D)
  An orc high priest (D)
  2 skeletal warriors (D)
  A necromancer (D)
  2 deep elf magi (D)
  An orc sorcerer (D)
  2 orc knights (D)
  A naga mage (D)
  2 guardian mummies (D)
  A hornet (D)
  A flying skull (D)
  A spriggan (D)
  A wyvern (D)
  A shadow (D)
  2 ushabtiu (D)
  A fire elemental (D)
  A steam dragon (D)
  A water moccasin (D)
  A hell hound (D)
  A swamp drake (D)
  5 orc warriors (D)
  A phantom (D)
  A necrophage (D)
  An ogre (D)
  4 wolves (D)
  3 wights (D)
  A crimson imp (D)
  An orc wizard (D)
  5 mummies (D)
  An adder (D)
  A white imp (D)
  2 adder zombies (D)
  An adder skeleton (D)
  2 bat skeletons (D)
  A bat zombie (D)
  A ball python (D)
  A ball python skeleton (D)
  2 giant cockroach zombies (D)
  A leopard gecko skeleton (D)
  A quokka zombie (D)
  4 crawling corpses (D)
72 creatures vanquished.

Vanquished Creatures (others)
  A phantasmal warrior (D)
  4 flying skulls (D)
  2 vampires (D)
  A fire elemental (D)
  A wight (D)
9 creatures vanquished.

Grand Total: 113 creatures vanquished

Notes
Turn   | Place    | Note
-------+----------+-------------------------------------------
     0 | D        | Found the +6 Majin-Bo {vamp, Archmagi MP+6 Int+6}
     0 | D        | Found the +7 great mace "Firestarter" {inner flame, rF++}
     0 | D        | nuthulu the Hill Orc Fighter began the quest for the Orb.
     0 | D        | Reached XP level 1. HP: 19/19 MP: 1/1
     0 | D        | Found a deep blue altar of Sif Muna.
     0 | D        | Found a sacrificial altar of Ru.
     0 | D        | Found a bloodstained altar of Trog.
     0 | D        | Found a stormy altar of Qazlal.
     0 | D        | Found an iron altar of Okawaru.
     0 | D        | Found a sparkling altar of Nemelex Xobeh.
     0 | D        | Found a blossoming altar of Fedhas.
     2 | D        | Found a transporter.
     2 | D        | Found an ancient bone altar of Kikubaaqudgha.
     2 | D        | Found a viscous altar of Jiyva.
     2 | D        | Found a corrupted altar of Lugonu.
     2 | D        | Found a hazy altar of Hepliaklqana.
     2 | D        | Found a burning altar of Makhleb.
     2 | D        | Found an opulent altar of Gozag.
    20 | D        | Found the +9 heavy crossbow "Sniper" {velocity, Acc+∞ SInv}
    20 | D        | Found the +10 dark maul {crush}
    20 | D        | Found the +15 Maxwell's patent armour {-Cast -Tele rElec
                  | MR+ rCorr}
    20 | D        | Found the +18 shield of the Gong {rElec rN+ MR+ EV-5}
    20 | D        | Found the cursed +14 obsidian axe {chop, +Fly SInv *Curse}
    21 | D        | Found the +6 shillelagh "Devastator" {shatter}
    21 | D        | Found the +11 plutonium sword {*Contam Stlth-}
    21 | D        | Found the +8 lance "Wyrmbane" {slay drac, rPois rF+ rC+
                  | AC+3}
    21 | D        | Found the +9 sword of Zonguldrok {reap}
    21 | D        | Found the cursed +13 scythe of Curses {drain, *Curse}
    21 | D        | Found the +0 sword of Power
    21 | D        | Found the +7 mace of Variability {chain chaos}
    21 | D        | Found the +7 Singing Sword {slice, sonic wave}
    21 | D        | Found the +7 longbow "Piercer" {penet, EV-2}
    61 | D        | Became a worshipper of Yredelemnul the Dark
    66 | D        | Reached XP level 2. HP: 26/26 MP: 2/2
    75 | D        | Entered arena 2.
    75 | D        | Noticed a wolf
    75 | D        | Noticed a bullfrog
    75 | D        | Found a transporter.
    77 | D        | Killed a bullfrog
    77 | D        | Reached skill level 5 in Fighting
    77 | D        | Reached XP level 3. HP: 36/36 MP: 3/3
    77 | D        | Reached XP level 4. HP: 42/42 MP: 4/4
    80 | D        | Killed a wolf
    80 | D        | Reached skill level 5 in Armour
    80 | D        | Reached skill level 5 in Shields
    80 | D        | Reached XP level 5. HP: 50/50 MP: 5/5
    89 | D        | Entered arena 3.
    89 | D        | Noticed a phantom
    89 | D        | Found a transporter.
    91 | D        | Reached * piety under Yredelemnul
    97 | D        | Killed a phantom
    97 | D        | Reached skill level 10 in Long Blades
    97 | D        | Reached XP level 6. HP: 60/60 MP: 6/6
   106 | D        | Entered arena 4.
   106 | D        | Noticed a spriggan
   106 | D        | Noticed a spriggan
   106 | D        | Found a transporter.
   110 | D        | Reached ** piety under Yredelemnul
   116 | D        | Killed a spriggan
   120 | D        | Killed a spriggan
   120 | D        | Reached XP level 7. HP: 61/69 MP: 7/7
   162 | D        | Entered arena 5.
   162 | D        | Noticed a flying skull
   162 | D        | Found a transporter.
   165 | D        | Killed a flying skull
   165 | D        | Reached *** piety under Yredelemnul
   168 | D        | Reached **** piety under Yredelemnul
   168 | D        | Received a gift from Yredelemnul (3 flying skulls)
   173 | D        | Entered arena 6.
   173 | D        | Identified the cursed +1 hand crossbow "Enyfyqoo" {flame,
                  | -Tele rPois Str+4 SInv}
   173 | D        | Found a transporter.
   174 | D        | Found the +3 giant club "Skullcrusher" {speed, Str+7}
   179 | D        | Received a gift from Yredelemnul (a wight)
   180 | D        | Received a gift from Yredelemnul (4 flying skulls)
   248 | D        | Entered arena 7.
   248 | D        | Noticed a wyvern
   248 | D        | Noticed a wyvern
   248 | D        | Noticed a wyvern
   248 | D        | Noticed a steam dragon
   248 | D        | Noticed a steam dragon
   249 | D        | Found a transporter.
   251 | D        | Killed a wyvern
   251 | D        | Reached skill level 10 in Fighting
   251 | D        | Reached XP level 8. HP: 68/79 MP: 8/8
   251 | D        | Received a gift from Yredelemnul (a wight)
   254 | D        | Reached ***** piety under Yredelemnul
   255 | D        | Received a gift from Yredelemnul (a wight)
   255 | D        | Killed a wyvern
   256 | D        | Killed a wyvern
   258 | D        | Reached skill level 10 in Armour
   258 | D        | Reached skill level 10 in Shields
   350 | D        | Entered arena 8.
   350 | D        | Noticed a spriggan rider
   351 | D        | Received a gift from Yredelemnul (a vampire)
   351 | D        | Found a transporter.
   358 | D        | Received a gift from Yredelemnul (a vampire)
   358 | D        | Received a gift from Yredelemnul (a vampire)
   358 | D        | Received a gift from Yredelemnul (a phantasmal warrior)
   358 | D        | Killed a spriggan
   358 | D        | Reached XP level 9. HP: 89/89 MP: 9/9
   359 | D        | Killed a hornet
   363 | D        | Got the +0 helmet "Zunor" {+Blink MR+++ rCorr Dex-2}
   371 | D        | Entered arena 9.
   371 | D        | Noticed a naga mage
   372 | D        | Found a transporter.
   378 | D        | Received a gift from Yredelemnul (a skeletal warrior)
   379 | D        | Reached ****** piety under Yredelemnul
   380 | D        | Received a gift from Yredelemnul (4 flying skulls)
   380 | D        | Killed a naga mage
   381 | D        | Received a gift from Yredelemnul (a flayed ghost)
   388 | D        | Entered arena 10.
   389 | D        | Found the +4 skin of Zhor {Hibernate rC+++ SInv}
   389 | D        | Found a transporter.
   393 | D        | Received a gift from Yredelemnul (a vampire knight)
   397 | D        | Received a gift from Yredelemnul (a skeletal warrior)
   397 | D        | Received a gift from Yredelemnul (a wraith)
   406 | D        | Entered arena 11.
   406 | D        | Noticed a guardian mummy
   406 | D        | Noticed a mummy priest
   406 | D        | Noticed a guardian mummy
   406 | D        | Noticed a mummy priest
   407 | D        | Found a transporter.
   408 | D        | Noticed an orange demon
   409 | D        | Killed a guardian mummy
   411 | D        | Received a gift from Yredelemnul (a vampire)
   414 | D        | Killed a guardian mummy
   415 | D        | Killed a mummy priest
   416 | D        | Received a gift from Yredelemnul (a vampire knight)
   417 | D        | Killed a mummy priest
   417 | D        | Reached XP level 10. HP: 51/101 MP: 10/10
   604 | D        | Entered arena 12.
   604 | D        | Noticed a deep elf master archer
   604 | D        | Noticed a deep elf mage
   604 | D        | Noticed a deep elf master archer
   604 | D        | Noticed a deep elf high priest
   604 | D        | Noticed a deep elf sorcerer
   604 | D        | Noticed a deep elf mage
   605 | D        | Noticed a deep elf mage
   605 | D        | Noticed a deep elf master archer
   606 | D        | Found a transporter.
   608 | D        | Killed a deep elf mage
   610 | D        | Killed a deep elf sorcerer
   610 | D        | Received a gift from Yredelemnul (a vampire knight)
   611 | D        | Killed a deep elf master archer
   612 | D        | Killed a deep elf master archer
   612 | D        | Reached skill level 15 in Long Blades
   612 | D        | Reached XP level 11. HP: 111/111 MP: 11/11
   613 | D        | Received a gift from Yredelemnul (a flayed ghost)
   615 | D        | Killed a deep elf mage
   615 | D        | Killed a deep elf mage
   616 | D        | Received a gift from Yredelemnul (a bone dragon)
   616 | D        | Received a gift from Yredelemnul (a vampire knight)
   618 | D        | Killed a deep elf master archer
   618 | D        | Reached skill level 15 in Fighting
   623 | D        | Killed a deep elf high priest
   627 | D        | Got the ring of Fragile Peace {Ice *Corrode Int+2 Dex+3}
   663 | D        | Entered arena 13.
   663 | D        | Noticed a skeletal warrior
   664 | D        | Noticed a ghoul
   664 | D        | Noticed a necromancer
   664 | D        | Noticed a skeletal warrior
   665 | D        | Found a transporter.
   667 | D        | Received a gift from Yredelemnul (a profane servitor)
   667 | D        | Received a gift from Yredelemnul (a phantasmal warrior)
   671 | D        | Received a gift from Yredelemnul (a bone dragon)
   674 | D        | Received a gift from Yredelemnul (a phantasmal warrior)
   674 | D        | Killed a skeletal warrior
   675 | D        | Killed a skeletal warrior
   676 | D        | Killed a necromancer
   676 | D        | Killed a ghoul
   700 | D        | Entered arena 14.
   701 | D        | Noticed a mummy priest
   703 | D        | Noticed a phantasmal warrior
   703 | D        | Found a transporter.
   706 | D        | Noticed a sixfirhy
   710 | D        | Received a gift from Yredelemnul (a vampire)
   716 | D        | Killed a mummy priest
   716 | D        | Reached skill level 15 in Armour
   716 | D        | Reached skill level 15 in Shields
   717 | D        | Received a gift from Yredelemnul (a ghoul)
   717 | D        | Received a gift from Yredelemnul (a flayed ghost)
   717 | D        | Received a gift from Yredelemnul (a vampire)
   717 | D        | Received a gift from Yredelemnul (a flayed ghost)
   853 | D        | Entered arena 15.
   854 | D        | Noticed an orc knight
   854 | D        | Noticed an orc knight
   855 | D        | Noticed an orc sorcerer
   855 | D        | Noticed an orc high priest
   856 | D        | Noticed a soul eater
   856 | D        | Found a transporter.
   863 | D        | Killed an orc knight
   863 | D        | Reached skill level 1 in Invocations
   864 | D        | Reached skill level 1 in Dodging
   867 | D        | Killed an orc sorcerer
   870 | D        | Killed an orc knight
   871 | D        | Received a gift from Yredelemnul (a skeletal warrior)
   871 | D        | Received a gift from Yredelemnul (a flayed ghost)
   871 | D        | Received a gift from Yredelemnul (a vampire)
   873 | D        | Killed an orc high priest
   879 | D        | Got the +2 pair of boots of the Lich-sworn {Dex+4}
   886 | D        | Got the amulet of Paguid {RegenMP rF+ Int+3 Stlth+}
   924 | D        | Entered arena 16.
   925 | D        | Noticed an iron golem
   925 | D        | Noticed an iron golem
   925 | D        | Noticed an iron golem
   925 | D        | Noticed an iron golem
   926 | D        | Noticed a crystal guardian
   926 | D        | Noticed a crystal guardian
   926 | D        | Noticed a quicksilver dragon
   926 | D        | Noticed an iron golem
   926 | D        | Noticed a crystal guardian
   926 | D        | Noticed a crystal guardian
   926 | D        | Noticed a crystal guardian
   927 | D        | Found a transporter.
   933 | D        | Killed from afar by a crystal guardian

Skill      XL: |  1  2  3  4  5  6  7  8  9 10 11 |
---------------+----------------------------------+-----
Long Blades    | 8 9 10 11 12 14 15 16 | 16.4
Fighting       | 5 6 7 8 10 11 13 14 16 | 16.8
Armour         | 4 5 6 7 9 10 12 13 15 | 15.3
Shields        | 4 5 6 7 9 10 12 13 15 | 15.0
Invocations    | 3 |  3.8
Dodging        | 2 |  2.3

Action                   |  1- 3 |  4- 6 |  7- 9 | 10-12 || total
-------------------------+-------+-------+-------+-------++-------
Melee: Double sword      |     2 |    22 |    33 |    46 ||   103
  Use: Potion            |     1 |       |     1 |     1 ||     3
 Stab: Distracted        |       |       |       |     1 ||     1
Armor: Plate armour      |     1 |    11 |    13 |    15 ||    40
Dodge: Dodged            |       |     1 |     2 |     8 ||    11
Block: Shield            |     1 |    43 |    47 |    66 ||   157
       Rpst.: Double sword |       |       |       |     2 ||     2
